 Seeded DCSS version 0.26.1-2-gb8aa6d0cf2 (webtiles) character file.

Game seed: 15380089594623195496 (custom seed)

24330 oldmanjim the Marksgargoyle (level 13, 0/82 HPs)
             Began as a Gargoyle Hunter on Feb 22, 2021.
             Was a High Priest of Qazlal.
             Slain by a komodo dragon (18 damage)
             ... on level 1 of the Lair of Beasts on Feb 23, 2021.
             The game lasted 01:44:01 (16857 turns).

oldmanjim the Marksgargoyle (Gargoyle Hunter)      Turns: 16857, Time: 01:44:01

Health: 0/82       AC: 25    Str: 20    XL:     13   Next: 12%
Magic:  20/20      EV:  6    Int: 19    God:    Qazlal [*****.]
Gold:   947        SH:  7    Dex: 10    Spells: 12/12 levels left

rFire    . . .     SeeInvis +   a - +8 storm bow {elec, penet}
rCold    + . .     Faith    .   (shield currently unavailable)
rNeg     + . .     Spirit   .   Q - +0 plate armour {rC+}
rPois    ∞         Reflect  .   l - +1 helmet
rElec    +         Harm     .   F - scarf {repulsion}
rCorr    .         Rampage  .   g - +0 pair of gloves
Will     .....                  (no boots)
Stlth    ..........             I - amulet of the acrobat
HPRegen  0.23/turn              M - ring of see invisible
MPRegen  0.17/turn              n - +6 ring of intelligence

@: repel missiles
A: negative energy resistance 1, electricity resistance, unbreathing,
petrification resistance, miasma immunity, AC +9
a: Renounce Religion, Upheaval, Elemental Force, Disaster Area


You were on level 1 of the Lair of Beasts.
You worshipped Qazlal.
Qazlal was extremely pleased with you.
You visited 2 branches of the dungeon, and saw 14 of its levels.

You collected 986 gold pieces.
You spent 39 gold pieces at shops.

Inventory:

Hand Weapons
 a - the +8 storm bow (weapon) {elec, penet}
   (You found it on level 6 of the Dungeon)

   It charges the ammunition it shoots with electricity; occasionally upon a
   hit, such missiles may discharge and cause terrible harm.
   Ammo fired by it passes through the targets it hits, potentially hitting all
   targets in its path until it reaches maximum range.
 b - the +5 demon whip "Spellbinder" {antimagic, Will+}
   (You found it on level 9 of the Dungeon)

   It reduces the magical energy of the wielder, and disrupts the spells and
   magical abilities of those hit.
   Natural abilities and divine invocations are not affected.
   It affects your willpower, your defense against some magical effects.
 L - the +5 short sword of Bolad {venom, rPois rC+}
   (You found it on level 7 of the Dungeon)

   It poisons the flesh of those it strikes.
   It protects you from cold.
   It protects you from poison.
Missiles
 d - 173 arrows (quivered ammo)
 o - 7 silver javelins
 v - 85 poisoned darts
 y - 2 throwing nets
 D - 127 bolts
Armour
 g - a +0 pair of gloves (worn)
 l - a +1 helmet (worn)
 F - a scarf of repulsion (worn)
 Q - a +0 plate armour of cold resistance (worn)
Jewellery
 c - an uncursed ring of positive energy
 h - an uncursed ring of stealth
 n - a +6 ring of intelligence (right hand)
 q - an uncursed ring of wizardry
 I - an amulet of the acrobat (around neck)
 M - a ring of see invisible (left hand)
 N - an uncursed ring of resist corrosion
Wands
 s - a wand of flame (36)
 w - a wand of acid (12)
 H - a wand of random effects (40)
 J - a wand of paralysis (16)
 K - a wand of disintegration (11)
Scrolls
 e - 3 scrolls of fear
 i - 6 scrolls of remove curse
 j - 2 scrolls of magic mapping {unknown}
 k - 4 scrolls of enchant armour
 m - a scroll of identify
 p - 8 scrolls of teleportation
 r - a scroll of blinking
 u - 5 scrolls of amnesia
 P - a scroll of summoning {unknown}
 R - a scroll of fog {unknown}
Potions
 f - 2 potions of magic
 t - 2 potions of mutation
 x - a potion of berserk rage
 z - a potion of flight
 A - 7 potions of curing
 B - 2 potions of might
 C - 6 potions of cancellation
 E - 2 potions of heal wounds
 G - 2 potions of lignification
 O - 2 potions of haste
 S - 2 potions of brilliance {unknown}


   Skills:
 - Level 10.0 Fighting
 - Level 5.0 Maces & Flails
 * Level 15.1 Bows
 - Level 6.0 Armour
 - Level 1.5 Dodging
 - Level 3.0 Stealth
 - Level 10.0 Invocations
 + Level 3.5 Evocations


You had 12 spell levels left.
You didn't know any spells.
Your spell library contained the following spells:

 Spells                   Type           Power        Failure   Level
 Animate Skeleton         Necr           0%           99%         1
 Apportation              Tloc           0%           99%         1
 Corona                   Hex            0%           99%         1
 Summon Small Mammal      Summ           0%           99%         1
 Confusing Touch          Hex            0%           100%        3
 Gell's Gravitas          Tloc           0%           100%        3
 Petrify                  Tmut/Erth      0%           100%        4
 Metabolic Englaciation   Hex/Ice        0%           100%        5
 Yara's Violent Unravell  Hex/Tmut       0%           100%        5


Dungeon Overview and Level Annotations

Branches:
Dungeon (12/15)            Temple (0/1) D:6            Lair (2/6) D:10
    Orc (0/2) D:9
  Swamp: Lair:2-4    Shoals: Lair:2-4     Snake: Lair:2-4    Spider: Lair:2-4

Altars:
Cheibriados
Fedhas
Gozag
Hepliaklqana
Kikubaaqudgha
Makhleb
Nemelex Xobeh
Qazlal
Vehumet
The Shining One

Shops:
D:6 !   D:8 [

Annotations:
D:6 1 runed translucent door, exclusion: door, Crazy Yiuf


Innate Abilities, Weirdness & Mutations

You are resistant to torment.
Your stone body is resilient. (AC +9)
You are immune to poison.
You resist negative energy. (rN+)
You are resistant to electric shocks. (rElec)
You can survive without breathing.
You are immune to petrification.
You are immune to miasma.


Message History

You shoot an arrow.
The arrow pierces through the water moccasin!!
Lightning courses through the water moccasin!
You kill the water moccasin!
Qazlal accepts your kill.
Fire: 174 arrows
Press: ? - help, Q - select action, (/) - cycle Shift-Dir - straight line, f - komodo dragon
Aim: a komodo dragon (severely wounded, 77% to hit)
You shoot an arrow.
The arrow barely misses the komodo dragon.
The komodo dragon bites you!!
* * * LOW HITPOINT WARNING * * *
There is an open door, spattered with blood here.
There is a staircase back to the Dungeon here.
You climb upwards.
Welcome back to the Dungeon!
There is a staircase to the Lair here.
You can't go up here!
You climb downwards.
Welcome back to the Lair of Beasts!
The komodo dragon bites you!!
You die...

#.(....[.###..........
#(.......#....#.......
#>.......'.#.#........
#........##########+##
###.#.#.## #.P# #..####
###... ##..# ##.####
####'#### ##......
#(..○@☼.# #.......
#..☼l...# ##......
#.......# #......
#.......##### #....>.
#.......#..P####......
##.......#......'......
#........'..#####......
##.......#### #......
#.......# #......


You could see a komodo dragon.

Vanquished Creatures
  Gastronok (D:10)
  Snorg (D:11)
  A hydra (Lair:1)
  A boulder beetle (D:12)
  Erica (D:8)
  A tengu warrior (D:12)
  3 two-headed ogres
  An unseen horror (D:10)
  Pikel (D:5)
  An ugly thing (D:12)
  A manticore (D:10)
  A cyclops (D:11)
  2 black mambas
  A komodo dragon (Lair:1)
  A rime drake (Lair:1)
  3 cane toads (Lair:1)
  A kobold demonologist (D:12)
  Prince Ribbit (D:8)
  2 hornets (D:12)
  A meliai (D:12)
  5 trolls
  3 slime creatures (D:11)
  Sigmund (D:5)
  A shadow (D:11)
  3 wyverns
  A wraith (D:9)
  11 yaks
  Menkaure (D:4)
  A soldier ant (D:12)
  2 wargs (D:10)
  5 water moccasins
  Duvessa (D:7)
  11 orc warriors
  A black bear (D:9)
  An eye of draining (D:12)
  An ice beast (D:11)
  4 sky beasts
  3 phantoms
  6 ogres
  6 centaurs
  3 wolves (Lair:1)
  3 lemures
  3 big kobolds
  Blork the orc (D:5)
  8 bullfrogs
  A water moccasin zombie (D:7)
  Dowan (D:7)
  2 scorpions
  5 killer bees
  17 wights
  A howler monkey (D:12)
  A centaur zombie (D:5)
  3 bullfrog zombies
  A quasit (D:7)
  4 hounds
  6 orc priests
  A gnoll shaman (D:8)
  3 jellies
  3 bullfrog skeletons
  Jessica (D:2)
  27 orc wizards
  Terence (D:2)
  3 iguanas
  9 worker ants
  A killer bee zombie (D:9)
  2 hound zombies
  2 hound skeletons
  A howler monkey zombie (D:6)
  Robin (D:2)
  6 gnolls
  2 worker ant zombies
  10 adders
  An ufetubus (D:7)
  An ooze (D:3)
  An adder skeleton (D:5)
  An adder zombie (D:5)
  2 worms (D:3)
  A dart slug (D:1)
  5 leopard geckos
  47 orcs
  8 bats
  3 giant cockroaches
  12 goblins
  9 hobgoblins
  8 jackals
  22 kobolds
  4 quokkas
  12 frilled lizards
  2 quokka skeletons
  5 rats
371 creatures vanquished.

Vanquished Creatures (others)
  6 fungi (Lair:1)
  6 plants
12 creatures vanquished.

Grand Total: 383 creatures vanquished

Notes
Turn   | Place    | Note
-------+----------+-------------------------------------------
     0 | D:1      | oldmanjim the Gargoyle Hunter began the quest for the Orb.
     0 | D:1      | Reached XP level 1. HP: 12/12 MP: 1/1
   101 | D:1      | Reached XP level 2. HP: 15/18 MP: 2/2
   463 | D:1      | Reached XP level 3. HP: 22/22 MP: 3/3
   996 | D:2      | Found a faded altar of an unknown god.
   997 | D:2      | Noticed Terence
  1251 | D:2      | Killed Terence
  1252 | D:2      | Reached XP level 4. HP: 28/28 MP: 4/4
  1293 | D:2      | Noticed Robin
  1383 | D:2      | Killed Robin
  1716 | D:2      | Noticed Jessica
  1730 | D:2      | Killed Jessica
  1731 | D:2      | Reached XP level 5. HP: 33/33 MP: 5/5
  1842 | D:2      | Became a worshipper of Qazlal Stormbringer
  1842 | D:2      | Reached * piety under Qazlal
  1882 | D:3      | Reached skill level 5 in Bows
  1962 | D:3      | Found a snail-covered altar of Cheibriados.
  1964 | D:3      | Found a burning altar of Makhleb.
  1997 | D:3      | Found a hazy altar of Hepliaklqana.
  1999 | D:3      | Found a radiant altar of Vehumet.
  2159 | D:3      | Found a sparkling altar of Nemelex Xobeh.
  2934 | D:3      | Reached skill level 1 in Invocations
  2974 | D:4      | Noticed Menkaure
  3179 | D:4      | Reached XP level 6. HP: 31/39 MP: 5/7
  3316 | D:4      | Killed Menkaure
  3522 | D:4      | Reached skill level 5 in Fighting
  3532 | D:4      | Reached XP level 7. HP: 44/44 MP: 9/9
  3665 | D:4      | Reached ** piety under Qazlal
  3955 | D:4      | You fall into a shaft and drop 2 floors!
  4006 | D:5      | Entered Level 5 of the Dungeon
  4016 | D:5      | Reached skill level 6 in Bows
  4904 | D:5      | Noticed Blork the orc
  4913 | D:5      | Killed Blork the orc
  5569 | D:5      | Reached XP level 8. HP: 48/51 MP: 11/11
  5806 | D:5      | Noticed Pikel
  5832 | D:5      | Killed Pikel
  5833 | D:5      | Reached skill level 7 in Bows
  5833 | D:5      | Reached skill level 5 in Invocations
  5845 | D:5      | Noticed Sigmund
  6103 | D:5      | Killed Sigmund
  6104 | D:5      | Reached skill level 1 in Maces & Flails
  7045 | D:6      | Reached XP level 9. HP: 51/57 MP: 13/13
  7260 | D:6      | Found an opulent altar of Gozag.
  7646 | D:6      | Reached *** piety under Qazlal
  7662 | D:6      | Found a staircase to the Ecumenical Temple.
  7706 | D:6      | You fall into a shaft and drop 1 floor!
  8027 | D:6      | Found the +8 storm bow {elec, penet}
  8191 | D:6      | Found a runed translucent door.
  8192 | D:6      | Noticed Crazy Yiuf
  8257 | D:6      | Found Caxec's Distillery.
  8263 | D:6      | Bought a potion of lignification for 39 gold pieces
  8328 | D:6      | Reached skill level 8 in Bows
  8553 | D:6      | Found a glowing golden altar of the Shining One.
  8945 | D:7      | Noticed Dowan
  8961 | D:7      | Killed Dowan
  9299 | D:7      | Found an ancient bone altar of Kikubaaqudgha.
  9423 | D:7      | Got a smoking short sword
  9424 | D:7      | Identified the +5 short sword of Bolad {venom, rPois rC+}
                  | (You found it on level 7 of the Dungeon)
  9538 | D:7      | Noticed Duvessa
  9545 | D:7      | Killed Duvessa
  9618 | D:8      | Noticed Erica
  9822 | D:8      | Killed Erica
  9823 | D:8      | Reached skill level 9 in Bows
  9823 | D:8      | Reached XP level 10. HP: 65/65 MP: 15/15
  9855 | D:8      | Noticed a two-headed ogre
  9859 | D:8      | Killed a two-headed ogre
 10352 | D:8      | Noticed Prince Ribbit
 10365 | D:8      | Killed Prince Ribbit
 10366 | D:8      | Reached skill level 5 in Maces & Flails
 10366 | D:8      | Reached skill level 10 in Bows
 10373 | D:8      | Found Petelut's Armour Shop.
 11235 | D:8      | Reached **** piety under Qazlal
 11281 | D:9      | Found a blossoming altar of Fedhas.
 11386 | D:9      | Found the +5 demon whip "Spellbinder" {antimagic, Will+}
 11555 | D:9      | Found a stormy altar of Qazlal.
 12285 | D:9      | Reached XP level 11. HP: 71/71 MP: 17/17
 12329 | D:9      | Found a staircase to the Orcish Mines.
 12383 | D:10     | Entered Level 10 of the Dungeon
 12618 | D:10     | Found a hazy altar of Hepliaklqana.
 12655 | D:10     | Reached skill level 11 in Bows
 12681 | D:10     | Noticed an unseen horror
 12687 | D:10     | Killed an unseen horror
 12990 | D:10     | Reached skill level 10 in Fighting
 13112 | D:10     | Noticed Gastronok
 13125 | D:10     | Killed Gastronok
 13230 | D:10     | Noticed a two-headed ogre
 13233 | D:10     | Killed a two-headed ogre
 13233 | D:10     | Reached ***** piety under Qazlal
 13237 | D:10     | Found a staircase to the Lair.
 13435 | D:10     | Noticed a manticore
 13440 | D:10     | Killed a manticore
 13441 | D:10     | Reached skill level 12 in Bows
 13644 | D:11     | Reached skill level 10 in Invocations
 13662 | D:11     | Noticed a cyclops
 13664 | D:11     | Killed a cyclops
 13714 | D:11     | Noticed Snorg
 13719 | D:11     | Killed Snorg
 13720 | D:11     | Reached XP level 12. HP: 77/77 MP: 19/19
 13817 | D:11     | Reached skill level 5 in Armour
 14243 | D:11     | Noticed a two-headed ogre
 14247 | D:11     | Killed a two-headed ogre
 14248 | D:11     | Reached skill level 13 in Bows
 14850 | D:12     | Noticed a boulder beetle
 14859 | D:12     | Killed a boulder beetle
 15103 | D:12     | Noticed a tengu warrior
 15108 | D:12     | Killed a tengu warrior
 15109 | D:12     | Reached skill level 14 in Bows
 15846 | Lair:1   | Entered Level 1 of the Lair of Beasts
 15855 | Lair:1   | Noticed a seven-headed hydra
 15864 | Lair:1   | Killed a seven-headed hydra
 15865 | Lair:1   | Reached skill level 1 in Evocations
 16397 | Lair:1   | Reached XP level 13. HP: 64/82 MP: 20/20
 16516 | Lair:1   | Reached skill level 15 in Bows
 16794 | Lair:1   | HP: 3/82 [komodo dragon (19)]
 16857 | Lair:1   | Slain by a komodo dragon

Illustrated notes

Levels and vault maps discovered:
D:1:      grunt_arrival_crossed_arrows, layout_rooms, minmay_misc_feat_tower,
          moated_statue
D:2:      layout_basic, chequers_ecumenical_altar_island, uniq_jessica,
          uniq_robin, uniq_terence
D:3:      layout_loops_ring, grunt_temple_overflow_open,
          nicolae_overflow_hidden_temple, nemelex_lonely_heart_becter
D:4:      layout_basic, serial_glass, glass_columns_b, glass_columns_a,
          amcnicky_mini_rare_corridor_liquid, uniq_menkaure
D:5:      layout_layer_cave, uniq_sigmund, uniq_blork_the_orc, uniq_pikel
D:6:      layout_rooms, nicolae_overflow_crystal_walls,
          lemuel_coloured_pillars_altar, minmay_temple_entry_proselytizer,
          serial_shops, shop_statue, item_on_display_a, uniq_crazy_yiuf_cottage
D:7:      layout_basic, kennysheep_mini_moat, uniq_duvessa
D:8:      layout_basic, serial_shops, shop, uniq_erica, uniq_prince_ribbit1
D:9:      layout_roguey, david_orc_4, basic_altar,
          nicolae_qazlal_general_emergency
D:10:     layout_loops_ring, erik_lair_orcish_takeover, basic_altar,
          uniq_gastronok
D:11:     layout_gridville, uniq_snorg
D:12:     minmay_opposing_rooms, layout_irregular_city, serial_co_window_serial,
          co_window_corner_a, co_window_corner_a, co_window_paths_a,
          co_window_paths_a, co_window_paths_a, co_window_paths_a,
          co_window_paths_a, co_window_of_opportunity_a,
          co_window_of_opportunity_a, co_window_of_opportunity_b,
          co_window_paths_c, co_window_2corner, co_window_broadway_c,
          co_window_paths_c, co_window_corner_ca, glass_columns_b,
          glass_columns_b, glass_columns_b, glass_columns_a
Lair:1:   layout_roguey
Lair:2:   layout_chaotic_city, gauntlet_entry_generic, serial_bayou_shore_b,
          uniq_sonja

Skill      XL: |  1  2  3  4  5  6  7  8  9 10 11 12 13 |
---------------+----------------------------------------+-----
Stealth        | 2 3 |  3.0
Fighting       | 3 4 5 6 7 8 9 10 | 10.0
Bows           | 5 6 7 9 10 12 14 15 | 15.1
Invocations    | 1 2 4 5 7 8 10 | 10.0
Maces & Flails | 1 4 5 |  5.0
Armour         | 4 6 |  6.0
Evocations     | 2 3 |  3.5
Dodging        | |  1.5

Action                   |  1- 3 |  4- 6 |  7- 9 | 10-12 | 13-15 || total
-------------------------+-------+-------+-------+-------+-------++-------
Melee: Short sword       |   146 |   186 |   155 |       |       ||   487
       Whip              |       |       |   149 |   111 |       ||   260
       Demon whip        |       |       |       |    55 |       ||    55
 Fire: Shortbow          |    11 |    58 |   223 |       |       ||   292
       Longbow           |       |       |    29 |   372 |    38 ||   439
Throw: Javelin           |     1 |       |     1 |       |       ||     2
  Use: Scroll            |       |       |    15 |     4 |     1 ||    20
 Stab: Sleeping          |     5 |       |       |       |       ||     5
Armor: Leather armour    |    74 |       |       |       |       ||    74
       Ring mail         |       |   108 |   187 |    13 |       ||   308
       Plate armour      |       |       |       |   151 |    10 ||   161
Dodge: Dodged            |    97 |   124 |   201 |    74 |    16 ||   512
       Repelled          |       |       |     1 |       |       ||     1
Block: Other             |       |     7 |    44 |    67 |     5 ||   123
